 Dungeon Crawl Stone Soup version 0.21.1-1-g345015f (webtiles) character file.

75 tidbits the Insei (level 4, -5/34 HPs)
             Began as a Gnoll Transmuter on Feb 10, 2018.
             Slain by an orc
             ... wielding a +0 hand axe
              (8 damage)
             ... on level 4 of the Dungeon.
             The game lasted 00:04:43 (465 turns).

tidbits the Insei (Gnoll Transmuter)                 Turns: 465, Time: 00:04:43

Health: -5/34      AC:  2    Str: 12    XL:     4   Next: 31%
Magic:  11/11      EV: 14    Int: 16    God:
Gold:   35         SH:  5    Dex: 16    Spells: 7/13 levels left

rFire    + . .     SeeInvis .   a - +1 short sword (venom)
rCold    . . .     Gourm    .   D - +1 buckler {rF+}
rNeg     + . .     Faith    .   B - +0 robe
rPois    .         Spirit   .   (no helmet)
rElec    .         Reflect  .   (no cloak)
rCorr    .         Harm     .   (no gloves)
MR       .....                  (no boots)
Stlth    ++........             k - amulet of magic regeneration
HPRegen  0.11/turn              i - ring of positive energy
MPRegen  0.37/turn              (no ring)

@: no status effects
A: distributed training, fangs 1, strong nose
a: no special abilities


You were on level 4 of the Dungeon.
You were not hungry.

You visited 1 branch of the dungeon, and saw 6 of its levels.

You collected 35 gold pieces.

Inventory:

Hand Weapons
 a - a +1 short sword of venom (weapon)
   (You took it off a kobold on level 3 of the Dungeon)
 b - a +0 dagger of freezing
   (You took it off a goblin on level 2 of the Dungeon)
Missiles
 g - 9 arrows
Armour
 B - a +0 robe (worn)
 D - a +1 buckler of fire resistance (worn)
   (You found it on level 1 of the Dungeon)
Jewellery
 i - a ring of positive energy (left hand)
   (You found it on level 3 of the Dungeon)
 k - an amulet of magic regeneration (around neck)
   (You found it on level 3 of the Dungeon)
Wands
 j - a wand of random effects (44)
 l - a wand of iceblast (3)
Scrolls
 e - a scroll of teleportation {unknown}
 f - a scroll of identify {unknown}
 h - a scroll of random uselessness {unknown}
Books
 d - a book of Changes

   Spells                             Type                      Level
   a - Beastly Appendage              Transmutation                1
   b - Sticks to Snakes               Transmutation                2
   c - Spider Form                    Transmutation/Poison         3
   d - Ice Form                       Ice/Transmutation            4
   e - Blade Hands                    Transmutation                5
Comestibles
 c - 3 rations


   Skills:
 + Level 2.7 Fighting
 + Level 1.1 Short Blades
 + Level 1.1 Long Blades
 + Level 1.1 Axes
 + Level 1.1 Maces & Flails
 + Level 1.1 Polearms
 + Level 1.1 Staves
 + Level 1.1 Slings
 + Level 1.1 Bows
 + Level 1.1 Crossbows
 + Level 1.1 Throwing
 + Level 1.1 Armour
 + Level 4.6 Dodging
 + Level 1.1 Stealth
 + Level 1.1 Shields
 + Level 6.6 Unarmed Combat
 + Level 5.0 Spellcasting
 + Level 0.8 Conjurations
 + Level 0.8 Hexes
 + Level 0.8 Charms
 + Level 0.8 Summonings
 + Level 0.8 Necromancy
 + Level 0.8 Translocations
 + Level 3.8 Transmutations
 + Level 0.8 Fire Magic
 + Level 0.8 Ice Magic
 + Level 0.8 Air Magic
 + Level 0.8 Earth Magic
 + Level 0.8 Poison Magic
 + Level 1.2 Invocations
 + Level 1.1 Evocations


You had 7 spell levels left.
You knew the following spells:

 Your Spells              Type           Power        Failure   Level  Hunger
e - Beastly Appendage     Tmut           ###...       4%          1    None
k - Sticks to Snakes      Tmut           ###.....     7%          2    #......
p - Spider Form           Tmut/Pois      ##........   26%         3    ###....


Dungeon Overview and Level Annotations

Branches:
Dungeon (6/15)
 Temple: D:4-7

Altars:
Nemelex Xobeh
Okawaru
Sif Muna
Yredelemnul

Annotations:
D:3 tidbits's ghost, amateur GnTm


Innate Abilities, Weirdness & Mutations

Your experience applies equally to all skills.
You have very sharp teeth.
Your uncanny sense of smell can sniff out nearby items.


Message History

Casting: Sticks to Snakes
Confirm with . or Enter, or press ? or * to list all spells.
You miscast Beastly Appendage.
You are very lightly contaminated with residual magic.
Your skin tingles.
Casting: Beastly Appendage
Confirm with . or Enter, or press ? or * to list all spells.
You grow a pair of large bovine horns.
You block the ooze's attack.
You hit the ooze.
The ooze is poisoned.
Your headbutt misses the ooze.
The ooze is heavily wounded.
The ooze barely misses you.
You hit the ooze. You headbutt the ooze.
The ooze is almost dead.
You kill the ooze!
You hear the slow hiss of a very distant avalanche of sand.
Found a stone staircase leading down.
Found a stone staircase leading up.
Found a robe.
Your transformation is almost over.
Your magical contamination has completely faded away.
There is a stone staircase leading up here.
You climb upwards.
A kobold comes into view.
Found a fizzy blue potion.
There is a stone staircase leading down here.
Tidbits's ghost (amateur Gnoll Transmuter) comes into view.
It is wielding a weapon of venom.
The kobold shouts!
Tidbits's ghost turns its malevolent gaze towards you.
Tidbits's ghost moves out of view.
The kobold closely misses you.
There is a stone staircase leading down here.
Okay, then.
Unknown command.
You hit the kobold but do no damage. Your headbutt misses the kobold.
The kobold hits you.
You can't go up here!
Unknown command.
Your horns disappear.
The kobold hits you.
You climb downwards.
You hear the hiss of flowing sand.
There is an entrance to an ossuary on this level.
Hurry and find it before the portal is buried!
There is a stone staircase leading up here.
You hit the kobold. You bite the kobold, but do no damage.
The kobold is severely wounded.
The kobold completely misses you.
Your shield prevents you from hitting the kobold.
The kobold is severely wounded.
The kobold hits you.
You puncture the kobold!
You kill the kobold!
You see here a kobold corpse.
There is a stone staircase leading up here.
There is a stone staircase leading down here.
You climb downwards.
Found a ration.
There is a stone staircase leading up here.
Unknown command.
Found a stone staircase leading up.
You see here a ration.
c - 2 rations (gained 1)
Found a ration.
Found a stone staircase leading down.
You see here a ration.
c - 3 rations (gained 1)
There is a stone staircase leading down here.
You climb downwards.
Found 19 gold pieces.
There is a stone staircase leading up here.
Unknown command.
You see here 10 gold pieces.
You now have 26 gold pieces (gained 10).
You see here 9 gold pieces.
You now have 35 gold pieces (gained 9).
You open the door.
Found a deep blue altar of Sif Muna.
There is a stone staircase leading up here.
You climb upwards.
There is a stone staircase leading down here.
Unknown command.
There is a stone staircase leading up here.
Found a sparkling altar of Nemelex Xobeh.
There is a stone staircase leading up here.
You climb upwards.
You hear the hiss of flowing sand.
There is an entrance to an ossuary on this level.
Hurry and find it before the portal is buried!
You hear the hiss of an avalanche of sand nearby.
An orc, an orc priest and an orc wizard come into view.
The orc shouts!
The orc wizard shouts!
The orc priest invokes the aid of Beogh against you.
Beogh smites you!
* * * LOW HITPOINT WARNING * * *
You block the orc's attack. You block the orc wizard's attack.
The orc wizard casts a spell at you. The puff of flame misses you.
The orc priest invokes the aid of Beogh against you.
Beogh smites you!
* * * LOW HITPOINT WARNING * * *
The orc hits you with a hand axe!
You die...

#########
#@o......
#o#######
#o# #.#
#.# #.#
#.# #r#


You could see an orc priest, an orc wizard, an orc and a quokka (wandering).

Vanquished Creatures
  A hound (D:4)
  Jessica (D:2)
  An ooze (D:4)
  A leopard gecko (D:3)
  An orc (D:3)
  3 goblins
  4 kobolds
  2 frilled lizards (D:4)
14 creatures vanquished.

Notes
Turn   | Place    | Note
-------+----------+-------------------------------------------
     0 | D:1      | tidbits the Gnoll Transmuter began the quest for the Orb.
     0 | D:1      | Reached XP level 1. HP: 17/17 MP: 6/6
    21 | D:2      | Noticed Jessica
    39 | D:2      | Killed Jessica
    39 | D:2      | Reached skill level 5 in Spellcasting
    39 | D:2      | Reached XP level 2. HP: 23/23 MP: 6/8
    39 | D:2      | Reached XP level 3. HP: 28/28 MP: 6/9
    45 | D:2      | Learned a level 2 spell: Sticks to Snakes
    49 | D:2      | Learned a level 3 spell: Spider Form
   218 | D:3      | Found an iron altar of Okawaru.
   219 | D:3      | Found a basalt altar of Yredelemnul.
   341 | D:4      | Reached skill level 1 in Short Blades
   341 | D:4      | Reached skill level 1 in Long Blades
   341 | D:4      | Reached skill level 1 in Axes
   341 | D:4      | Reached skill level 1 in Maces & Flails
   341 | D:4      | Reached skill level 1 in Polearms
   341 | D:4      | Reached skill level 1 in Staves
   341 | D:4      | Reached skill level 1 in Slings
   341 | D:4      | Reached skill level 1 in Bows
   341 | D:4      | Reached skill level 1 in Crossbows
   341 | D:4      | Reached skill level 1 in Throwing
   341 | D:4      | Reached skill level 1 in Armour
   341 | D:4      | Reached skill level 1 in Stealth
   341 | D:4      | Reached skill level 1 in Shields
   341 | D:4      | Reached skill level 1 in Invocations
   341 | D:4      | Reached skill level 1 in Evocations
   341 | D:4      | Reached XP level 4. HP: 20/34 MP: 9/11
   397 | D:3      | Noticed tidbits's ghost (amateur GnTm)
   417 | D:5      | Entered Level 5 of the Dungeon
   441 | D:6      | Found a deep blue altar of Sif Muna.
   460 | D:5      | Found a sparkling altar of Nemelex Xobeh.
   465 | D:4      | HP: 3/34 [orc priest/divine providence (12)]
   465 | D:4      | Slain by an orc

Skill      XL: |  1  2  3 |
---------------+----------+-----
Spellcasting   | 5 |  5.0
Short Blades   | 1 |  1.1
Long Blades    | 1 |  1.1
Axes           | 1 |  1.1
Maces & Flails | 1 |  1.1
Polearms       | 1 |  1.1
Staves         | 1 |  1.1
Slings         | 1 |  1.1
Bows           | 1 |  1.1
Crossbows      | 1 |  1.1
Throwing       | 1 |  1.1
Armour         | 1 |  1.1
Stealth        | 1 |  1.1
Shields        | 1 |  1.1
Invocations    | 1 |  1.2
Evocations     | 1 |  1.1
Fighting       | |  2.7
Dodging        | |  4.6
Unarmed Combat | |  6.6
Conjurations   | |  0.8
Hexes          | |  0.8
Charms         | |  0.8
Summonings     | |  0.8
Necromancy     | |  0.8
Translocations | |  0.8
Transmutations | |  3.8
Fire Magic     | |  0.8
Ice Magic      | |  0.8
Air Magic      | |  0.8
Earth Magic    | |  0.8
Poison Magic   | |  0.8

Action                   |  1- 3 |  4- 6 || total
-------------------------+-------+-------++-------
Melee: Unarmed           |     9 |       ||     9
       Bite              |     4 |     1 ||     5
       Dagger            |    13 |       ||    13
       Short sword       |     8 |     6 ||    14
       Headbutt          |     3 |     1 ||     4
       Kick              |     3 |       ||     3
 Cast: Beastly Appendage |     9 |     1 ||    10
       Sticks to Snakes  |     3 |       ||     3
Armor: Robe              |     2 |       ||     2
Dodge: Dodged            |    17 |     4 ||    21
Block: Buckler           |     2 |     3 ||     5

Table legend:
 A = Turns spent in this place as a percentage of turns spent in the entire game.
 B = Non-inter-level travel turns spent in this place as a percentage of non-inter-level travel turns spent in the entire game.
 C = Inter-level travel turns spent in this place as a percentage of turns spent in this place.
 D = Turns resting spent in this place as a percentage of non-inter-level travel turns spent in this place.
 E = Turns spent auto-exploring this place as a percentage of non-inter-level travel turns spent in this place.
 F = Non-inter-level travel turns spent in this place divided by the number of levels of this place that you've seen.
                   A       B       C       D       E      F
               +-------+-------+-------+-------+-------+----------------------
         Total | 100.0 | 100.0 |   0.0 |   0.0 |   0.0 |  77.5
       Dungeon | 100.0 | 100.0 |   0.0 |   0.0 |   0.0 |  77.5
               +-------+-------+-------+-------+-------+----------------------

Table legend:
 A = Kills in this place as a percentage of kills in entire the game.
 B = Kills by you in this place as a percentage of kills by you in the entire game.
 C = Kills by friends in this place as a percentage of kills by friends in the entire game.
 D = Other kills in this place as a percentage of other kills in the entire game.
 E = Experience gained in this place as a percentage of experience gained in the entire game.
 F = Experience gained in this place divided by the number of levels of this place that you have seen.
                   A       B       C       D       E      F
               +-------+-------+-------+-------+-------+----------------------
         Total | 100.0 | 100.0 |   N/A |   N/A | 100.0 |  18.0
       Dungeon | 100.0 | 100.0 |   N/A |   N/A | 100.0 |  18.0
               +-------+-------+-------+-------+-------+----------------------

Vault maps used:
D:1:      dpeg_arrival_pits
D:2:      wad_river_or_something, nicolae_qazlal_eye_of_the_storm, first_ration,
          uniq_natasha, uniq_jessica
D:3:      chequers_temple_overflow_statue_of_worship
D:4:      lightli_ossuary_entry_decrepit_ruins
D:5:      lemuel_crystal_altar, uniq_ijyb
D:6:      kennysheep_mini, minmay_temple_entry_overgrown, uniq_pikel
